 Dungeon Crawl Stone Soup version 0.26-a0-579-g3afe4966bf (webtiles) character file.

Game seed: 12403963774891275852

(classic levelgen) 1566 EnegeticOcto the Cleaver (level 8, 39/68 HPs)
             Began as a Deep Dwarf Fighter on Aug 23, 2020.
             Quit the game on level 5 of the Dungeon.
             The game lasted 00:07:08 (1539 turns).

EnegeticOcto the Cleaver (Deep Dwarf Fighter)       Turns: 1539, Time: 00:07:08

Health: 39/68      AC: 13    Str: 22    XL:     8   Next: 59%
Magic:  7/7        EV:  4    Int:  9    God:
Gold:   106        SH:  9    Dex: 12    Spells: 7/7 levels left

rFire    . . .     SeeInvis .   a - +0 war axe
rCold    . . .     Faith    .   c - +0 kite shield
rNeg     . . .     Spirit   .   p - +0 plate armour
rPois    .         Reflect  .   m - +0 helmet
rElec    .         Harm     .   (no cloak)
rCorr    .         Rnd*Tele +   g - +0 pair of gloves
MR       +....                  (no boots)
Stlth    ..........             (no amulet)
HPRegen  0.00/turn              n - ring of teleportation (curse)
MPRegen  0.10/turn              (no ring)

@: non-regenerating
A: damage resistance, heal wounds, sense surroundings 1, no regeneration
a: Heal Wounds


You were on level 5 of the Dungeon.
You visited 1 branch of the dungeon, and saw 7 of its levels.

You collected 106 gold pieces.

Inventory:

Hand Weapons
 a - a +0 war axe (weapon)
Armour
 b - a +0 scale mail
 c - a +0 kite shield (worn)
 g - a +0 pair of gloves (worn)
 m - a +0 helmet (worn)
 p - a +0 plate armour (worn)
Jewellery
 l - an uncursed ring of protection from cold
 n - a cursed ring of teleportation (left hand)
Wands
 o - a wand of flame (10) {@v4}
Scrolls
 h - 4 scrolls of identify {unknown}
 j - 2 scrolls of teleportation {@r3 !r}
Potions
 d - a potion of might {@q3 !q}
 e - 3 potions of flight {unknown}
 i - 3 potions of degeneration {unknown}
 k - a potion of heal wounds {unknown}


   Skills:
 - Level 2.6 Fighting
 + Level 11.8 Axes
 - Level 3.2 Armour
 - Level 3.2 Shields


You had 7 spell levels left.
You didn't know any spells.
Your spell library contained the following spells:

 Spells                   Type           Power        Failure   Level
 Beastly Appendage        Tmut           #.....       100%        1
 Wereblood                Tmut           #.......     100%        2
 Spider Form              Tmut/Pois      #.........   100%        3
 Ice Form                 Ice/Tmut       #.......     100%        4
 Blade Hands              Tmut           #.........   100%        5


Dungeon Overview and Level Annotations

Branches:
Dungeon (7/15)
 Temple: D:4-7

Altars:
Kikubaaqudgha
Yredelemnul


Innate Abilities, Weirdness & Mutations

You are resistant to damage.
You can heal yourself by infusing magical energy.
You passively map a small area around you.
You do not regenerate.


Message History

Things that are here:
a +0 leather armour; a cursed +0 robe; a +0 dagger
There is a stone staircase leading up here.
You climb upwards.
There is a stone staircase leading down here.
As you open the door, it creaks loudly!
A bullfrog skeleton comes into view.
A quokka comes into view.
The quokka bites you but does no damage.
You hit the quokka but do no damage. You block the quokka's attack.
You closely miss the quokka.
The quokka bites you but does no damage.
The quokka bites you but does no damage.
You slice the quokka!!
You kill the quokka!
You slash the bullfrog skeleton!
The bullfrog skeleton is heavily damaged.
You block the bullfrog skeleton's attack.
The bullfrog skeleton barely misses you.
You barely miss the bullfrog skeleton.
The bullfrog skeleton is heavily damaged.
The bullfrog skeleton hits you but does no damage.
You hit the bullfrog skeleton.
The bullfrog skeleton is heavily damaged.
The bullfrog skeleton hits you.
You hit the bullfrog skeleton.
The bullfrog skeleton is severely damaged.
The bullfrog skeleton hits you but does no damage.
You hit the bullfrog skeleton.
The bullfrog skeleton is almost destroyed.
You block the bullfrog skeleton's attack.
The bullfrog skeleton barely misses you.
You slash the bullfrog skeleton!
You destroy the bullfrog skeleton!
No target in view!
No target in view!
No target in view!
No target in view!
No target in view!
No target in view!
No target in view!
No target in view!
No target in view!
No target in view!
There is an open door, spattered with blood here.
You see here a quokka corpse.
There is an open door, spattered with blood here.
You see here a quokka corpse.
There is an open door here.
You open the door.
There is an open door here.
You open the door.
Found 6 gold pieces.
There is an open door here.
Found a scroll labeled KUOPIUFOUMO.
You now have 106 gold pieces (gained 6).
h - 4 scrolls labeled KUOPIUFOUMO (gained 1)
You open the door.
There is an open door here.
You open the door.
There is an open door here.
You open the door.
Found a scroll of teleportation and a metal-bound book.
A bullfrog skeleton comes into view.
There is an open door here.
You block the bullfrog skeleton's attack.
The bullfrog skeleton hits you but does no damage.
You hit the bullfrog skeleton.
The bullfrog skeleton is lightly damaged.
You block the bullfrog skeleton's attack.
You hit the bullfrog skeleton.
The bullfrog skeleton is lightly damaged.
The bullfrog skeleton hits you but does no damage.
You hit the bullfrog skeleton.
The bullfrog skeleton is moderately damaged.
The bullfrog skeleton hits you but does no damage.
You hit the bullfrog skeleton.
The bullfrog skeleton is heavily damaged.
The bullfrog skeleton hits you.
You block the bullfrog skeleton's attack.
You hit the bullfrog skeleton.
The bullfrog skeleton is heavily damaged.
You block the bullfrog skeleton's attack.
You hit the bullfrog skeleton.
The bullfrog skeleton is severely damaged.
You block the bullfrog skeleton's attack.
You slash the bullfrog skeleton!
The bullfrog skeleton is almost destroyed.
You block the bullfrog skeleton's attack.
The bullfrog skeleton hits you but does no damage.
You slash the bullfrog skeleton!
You destroy the bullfrog skeleton!
You open the door.
Found a basalt altar of Yredelemnul.
There is an open door here.
You pick up a book of Changes and begin reading...
You add the spells Beastly Appendage, Wereblood, Spider Form, Ice Form and Blade Hands to your library.
j - 2 scrolls of teleportation {@r3 !r} (gained 1)
There is an open door here.
There is a basalt altar of Yredelemnul here.
Are you sure you want to abandon this character and quit the game? (Confirm with "yes".)

..........######..#
....#######...#...#
....'....#....#...#
....#....+....#...#
....#....#....#...###
....##...#* #...+...#
#....###'#####......#
+....#.........###..#
#....#.........'@# .#
#....#.........### #
#....#.....##......#
#..[.#.....##......#
#....###############
#....# #....# #....#
....#


There were no monsters in sight!

Vanquished Creatures
  A water moccasin (D:5)
  An orc warrior (D:6)
  An ice beast (D:6)
  Purgy (D:4)
  A phantom (D:6)
  A crocodile (D:6)
  A centaur (D:6)
  Blork the orc (D:4)
  A bullfrog (D:6)
  A scorpion (D:4)
  A howler monkey (D:6)
  4 wights (D:5)
  3 hounds
  4 bullfrog skeletons
  2 centaur skeletons
  2 orc wizards (D:6)
  An iguana (D:4)
  Natasha (D:2)
  2 worker ants
  A hound skeleton (D:6)
  A worker ant zombie (D:5)
  6 adders
  A howler monkey skeleton (D:6)
  A dart slug (D:1)
  A leopard gecko (D:1)
  10 orcs
  A bat (D:1)
  2 giant cockroaches
  5 goblins
  6 hobgoblins
  10 jackals
  2 quokkas
  3 kobolds
  2 rats
82 creatures vanquished.

Notes
Turn   | Place    | Note
-------+----------+-------------------------------------------
     0 | D:1      | EnegeticOcto the Deep Dwarf Fighter began the quest for the
                  | Orb.
     0 | D:1      | Reached XP level 1. HP: 20/20 MP: 1/1
    71 | D:1      | Reached skill level 3 in Axes
    71 | D:1      | Reached XP level 2. HP: 27/27 MP: 2/2
   204 | D:2      | Reached skill level 4 in Axes
   204 | D:2      | Reached XP level 3. HP: 24/33 MP: 3/3
   283 | D:2      | Noticed Natasha
   294 | D:2      | Killed Natasha
   294 | D:2      | Reached skill level 5 in Axes
   294 | D:2      | Reached XP level 4. HP: 36/40 MP: 4/4
   527 | D:4      | Reached XP level 5. HP: 34/46 MP: 5/5
   560 | D:4      | You fall into a shaft and drop 2 floors!
   560 | D:6      | Noticed a centaur
   563 | D:6      | Killed a centaur
   563 | D:6      | Reached skill level 6 in Axes
   569 | D:6      | Reached skill level 7 in Axes
   569 | D:6      | Reached XP level 6. HP: 32/55 MP: 6/6
   586 | D:5      | Entered Level 5 of the Dungeon
   622 | D:5      | Noticed a water moccasin
   627 | D:5      | Killed a water moccasin
   657 | D:5      | Reached skill level 8 in Axes
   806 | D:4      | Noticed Purgy
   820 | D:4      | Reached XP level 7. HP: 47/61 MP: 7/7
   863 | D:4      | Killed Purgy
   863 | D:4      | Reached skill level 9 in Axes
   965 | D:4      | Noticed Blork the orc
   982 | D:4      | Killed Blork the orc
  1043 | D:6      | Reached skill level 10 in Axes
  1047 | D:6      | Reached XP level 8. HP: 51/68 MP: 8/8
  1075 | D:5      | Your magical essence is drained by the effort!
  1231 | D:6      | Found an ancient bone altar of Kikubaaqudgha.
  1248 | D:6      | Reached skill level 11 in Axes
  1509 | D:5      | Found a basalt altar of Yredelemnul.
  1539 | D:5      | Quit the game

Illustrated notes

Levels and vault maps discovered:
D:1:      sevenhm_arrival_forest_fort_large_2, layout_basic, st_stairs_3,
          chequers_arboretum, hangedman_decor_points, nrook_uturn,
          nrook_mini_backslash
D:2:      layout_loops_ring, minmay_curled_crystal, grunt_ministairs_1,
          minivault_4, kennysheep_cross_room, uniq_natasha, uniq_sigmund
D:3:      layout_basic, minmay_misc_feat_diagonals,
          minmay_fractal_squares_gapless_5
D:4:      layout_basic, minmay_temple_entry_purple_smoke, uniq_blork_the_orc,
          uniq_purgy
D:5:      layout_gridville, kennysheep_mini_moat
D:6:      layout_rooms, basic_altar
D:7:      layout_cave_pools, minmay_holes, uniq_duvessa, uniq_joseph

Skill      XL: |  1  2  3  4  5  6  7  8 |
---------------+-------------------------+-----
Axes           | 3 4 5 7 8 10 11 | 11.8
Fighting       | |  2.6
Armour         | |  3.2
Shields        | |  3.2

Action                   |  1- 3 |  4- 6 |  7- 9 || total
-------------------------+-------+-------+-------++-------
Melee: War axe           |    38 |    80 |   139 ||   257
 Abil: Heal Wounds       |     1 |     1 |     9 ||    11
  Use: Scroll            |       |     7 |     1 ||     8
Armor: Scale mail        |    54 |    57 |    69 ||   180
       Plate armour      |       |       |    18 ||    18
Dodge: Dodged            |    49 |    31 |    36 ||   116
Block: Kite shield       |    71 |    58 |    87 ||   216

Table legend: (Time is in decaauts)
 A = Elapsed time spent in this place.
 B = Non-inter-level travel time spent in this place.
 C = Inter-level travel time spent in this place.
 D = Time resting spent in this place.
 E = Time spent auto-exploring this place.
 F = Levels seen in this place.
 G = Mean time per level.
                   A        B        C        D        E       F      G
               +--------+--------+--------+--------+--------+-----+--------+
         Total |   1591 |   1539 |     52 |      0 |      0 |   7 |  227.3 |
       Dungeon |   1591 |   1539 |     52 |      0 |      0 |   7 |  227.3 |
               +--------+--------+--------+--------+--------+-----+--------+

Top non-repeatable levels by time:
     D:5: 472 daAuts
     D:6: 346 daAuts
     D:2: 321 daAuts
     D:4: 222 daAuts
     D:1: 207 daAuts
     D:3: 18 daAuts
     D:7: 3 daAuts
